 Dungeon Crawl Stone Soup version 0.18.1-48-g4cf74bf (webtiles) character file.

107 ender666 the Shield-Bearer (level 4, 0/29 HPs)
             Began as a Gargoyle Fighter on Aug 16, 2016.
             Slain by Raicw the merfolk
             ... wielding a +6 trident of piercing
             ... created by the player character
              (1 damage)
             ... on level 3 of the Dungeon.
             The game lasted 00:11:23 (2127 turns).

ender666 the Shield-Bearer (Gargoyle Fighter)       Turns: 2127, Time: 00:11:23

Health: 0/29       AC: 17    Str: 20    XL:     4   Next: 85%
Magic:  4/4        EV:  4    Int:  8    God:
Gold:   82         SH:  9    Dex: 10    Spells: 0 memorised, 3 levels left

rFire  . . .     SeeInvis .     a - +0 flail
rCold  . . .     Gourm    .     i - +0 plate armour
rNeg   + . .     Faith    .     c - +0 shield
rPois  ∞         Spirit   .     (no helmet)
rElec  +         Dismiss  .     p - +0 cloak
rCorr  .         Reflect  .     v - +0 pair of gloves
SustAt .         Harm     .     (no boots)
MR     .....                    (no amulet)
Stlth  ..........               (no ring)
                                (no ring)

@: not resistant to hostile enchantments, extremely unstealthy
A: negative energy resistance 1, electricity resistance, unbreathing,
petrification resistance, rot immunity, AC +3
a: no special abilities


You were on level 3 of the Dungeon.
You were not hungry.

You visited 1 branch of the dungeon, and saw 3 of its levels.

You collected 82 gold pieces.

Inventory:

Hand Weapons
 a - a +0 flail (weapon)
Armour
 b - a +0 scale mail
 c - a +0 shield (worn)
 i - a +0 plate armour (worn)
 o - a +0 pair of gloves
 p - a +0 cloak (worn)
 v - a +0 pair of gloves (worn)
Scrolls
 g - a scroll of recharging {unknown}
 k - a scroll of random uselessness {unknown}
 m - a scroll of magic mapping {unknown}
 s - 3 scrolls of identify {unknown}
 t - a scroll of noise {unknown}
Potions
 d - a potion of might
 e - a potion of ambrosia {unknown}
 j - a potion of flight {unknown}
 l - 2 potions of curing {unknown}
 n - 3 potions of heal wounds {unknown}
 r - 2 potions of degeneration {unknown}
 u - 2 potions of lignification {unknown}
Miscellaneous
 x - a plain deck of wonders {drawn: 3} {n}
Comestibles
 f - a bread ration
 h - a meat ration
 q - 2 chunks of flesh
 w - a royal jelly


   Skills:
 + Level 3.7 Fighting
 + Level 2.4 Maces & Flails
 + Level 3.9 Armour
 + Level 1.2 Dodging
 + Level 0.8 Stealth
 + Level 4.3 Shields


You had 3 spell levels left.
You didn't know any spells.

Dungeon Overview and Level Annotations

Branches:
Dungeon (3/15)

Altars:
Cheibriados
Nemelex Xobeh
Ru
Yredelemnul
The Shining One


Innate Abilities, Weirdness & Mutations

You are resistant to torment.
Your stone body is resilient (AC +3).
You are immune to poison.
You resist negative energy.
You are resistant to electric shocks.
You can survive without breathing.
You are immune to petrification.
You are immune to rotting.


Message History

This is a plain deck of wonders {drawn: 2}.
Nothing appears to happen.
That item cannot be evoked!
Inscribe with what? n That item cannot be evoked!
You draw a card...
It is the Mercenary.
You cannot afford Raicw's fee of 254 gold!
Raicw attacks!
Raicw the merfolk comes into view. It is wielding a trident of piercing.
You hit Raicw but do no damage.
Raicw hits you with a trident of piercing!
You closely miss Raicw.
Raicw hits you with a trident of piercing!
* * * LOW HITPOINT WARNING * * *
x2 Your shield and plate armour prevent you from hitting Raicw.
Raicw hits you with a trident of piercing.
* * * LOW HITPOINT WARNING * * *
You die...

##................###...#
##..#####..###.....##..## ##...)
............#...# ##.####
#..#####..##...# #.#
#..........#..######### #.#
#.#...........# #.##..# ##.#
####.##......###.# #.##..#
............_....m....###.##..#
##.............#@.............###
#########.#.########....)...
#.#.# ####<#### #.#.# #.# #####
###


You could see Raicw the merfolk.

Vanquished Creatures
  Jessica (D:2)
  2 adders (D:2)
  An ooze (D:3)
  A dart slug (D:2)
  3 giant geckos
  4 giant cockroaches
  6 goblins
  6 hobgoblins
  6 jackals
  A ball python (D:2)
  9 bats
  5 giant newts
  3 kobolds
  5 rats
53 creatures vanquished.

Notes
Turn   | Place    | Note
--------------------------------------------------------------
     0 | D:1      | ender666 the Gargoyle Fighter began the quest for the Orb.
     0 | D:1      | Reached XP level 1. HP: 14/14 MP: 1/1
   257 | D:1      | Reached XP level 2. HP: 17/19 MP: 2/2
   777 | D:2      | Found a sacrificial altar of Ru.
   806 | D:2      | Noticed Jessica
   815 | D:2      | Killed Jessica
   815 | D:2      | Reached skill level 4 in Shields
   815 | D:2      | Reached XP level 3. HP: 21/23 MP: 3/3
   839 | D:2      | Reached skill level 1 in Dodging
   878 | D:2      | Found a faded altar to an unknown god.
   988 | D:2      | Reached XP level 4. HP: 28/28 MP: 4/4
  1080 | D:2      | Found a snail-covered altar of Cheibriados.
  1734 | D:3      | Found a basalt altar of Yredelemnul.
  1919 | D:3      | Found a glowing golden altar of the Shining One.
  2104 | D:3      | Found a sparkling altar of Nemelex Xobeh.
  2124 | D:3      | Noticed Raicw
  2127 | D:3      | HP: 1/29 [Raicw the merfolk/trident of piercing[the player character] (3)]
  2127 | D:3      | Slain by Raicw the merfolk

Skill      XL: |  1  2  3 |
---------------+----------+-----
Shields        | 4 |  4.3
Dodging        | 1 |  1.2
Fighting       | |  3.7
Maces & Flails | |  2.4
Armour         | |  3.9
Stealth        | |  0.8

Action                   |  1- 3 |  4- 6 || total
-------------------------+-------+-------++-------
Melee: Flail             |   155 |    98 ||   253
Evoke: Deck              |       |     3 ||     3
  Eat: Bread ration      |       |     1 ||     1
       Chunk             |       |     1 ||     1
Armor: Scale mail        |    39 |       ||    39
       Plate armour      |    81 |    61 ||   142
Dodge: Dodged            |    39 |     8 ||    47
Block: Shield            |    92 |    60 ||   152
